AoeStats
← 潜水吧!奈亚子

Arena

510004949Analyzed
1v1 RM · 3d ago on Sep 29, 2026· 48m 15s· 2 players
Game mode
Random Map
Map size
Tiny (2 player)
Population
200
Speed
Normal
Resources
Standard
Victory
Conquest
Starting age
Dark Age
Ending age
Imperial Age
RankedLock teamsTeams togetherTeam positionsShared explorationLock speedFull tech treeHidden civsTurbo modeCheats
Victory
Defeat
🇨🇳 Vikings · China
1049
+15
🇧🇷 Khmer · Brazil
1035
-15
LordLuke13
11:45 Feudal Age
13:19 Loom
16:03 Castle Age
14:14 Double-Bit Axe
14:34 Horse Collar
16:22 Bloodlines
16:36 Forging
17:07 Gold Mining
17:18 Heavy Plow
19:12 Scale Barding Armor
19:42 Scale Mail Armor
21:31 Fletching
21:52 Husbandry
22:44 Town Watch
23:51 Stone Mining
23:45 Elite Skirmisher
26:50 Iron Casting
27:43 Padded Archer Armor
28:17 Bodkin Arrow
28:58 Pikeman
31:20 Chain Barding Armor
31:23 Tusk Swords
33:31 Gold Shaft Mining
33:41 Bow Saw
34:17 Murder Holes
35:31 Fortified Wall
35:31 Masonry
39:14 Imperial Age
39:09 Stone Shaft Mining
38:54 Chain Mail Armor
39:49 Wheelbarrow
39:17 Town Patrol
39:55 Onager
41:59 Blast Furnace
43:01 Chemistry
42:12 Masonry
43:23 Plate Barding Armor
44:38 Conscription
44:43 Man-at-Arms
45:10 Arson
46:10 Crop Rotation
45:14 Elite Battle Elephant
46:01 Bracer
46:59 Conscription
46:30 Crossbowman
潜水吧!奈亚子
10:23 Feudal Age
14:59 Castle Age
13:29 Double-Bit Axe
13:27 Horse Collar
16:17 Bow Saw
16:16 Heavy Plow
20:59 Loom
22:31 Scale Mail Armor
24:35 Stone Mining
29:50 Imperial Age
27:27 Squires
27:40 Forging
28:15 Chain Mail Armor
28:15 Gold Mining
27:56 Pikeman
28:57 Town Watch
30:09 Iron Casting
30:02 Elite Varangian Guard
33:06 Crop Rotation
33:38 Plate Mail Armor
33:26 Fletching
35:20 Blast Furnace
34:45 Conscription
35:31 Gold Shaft Mining
35:12 Arson
37:01 Chieftains
37:38 Elite Berserk
38:19 Bodkin Arrow
38:25 Padded Archer Armor
40:58 Masonry
40:43 Murder Holes
41:09 Ballistics
40:56 Bracer
41:12 Leather Archer Armor
43:04 Ring Archer Armor
42:45 Siege Engineers
43:11 Architecture
43:43 Chemistry
42:24 Treadmill Crane
45:36 Town Patrol
45:40 Guard Tower
46:01 Fortified Wall
45:37 Arrowslits
47:43 Two-Man Saw
46:17 Crossbowman
46:18 Elite Skirmisher
48:57 Hoardings
Connection lost

Rejoining the realm…

Still unreachable

The connection could not be restored.

Session expired

The server has moved on; the page needs a fresh start.